| TOP OF THE 1ST |
|
Harrisburg Senators batting - Pitching for Biloxi Shuckers : RHP Travis Bieberich
|
|
Pitching: RHP Travis Bieberich
|
|
|
Batting: LHB Evan Oliveri
|
0-0: Ball 1-0: Swinging Strike 1-1: Foul Ball, location: 2F 1-2: Strikes out looking
|
|
Batting: RHB Kevin Whitenack
|
0-0: Foul Ball, location: 2F 0-1: Foul Ball, location: 2F 0-2: Foul Ball, location: 2F 0-2: Ball 1-2: Ball 2-2: Ball 3-2: Foul Ball, location: 2F 3-2: Ground out 5-3 (Groundball, 56S, EV 85.6 MPH)
|
|
Batting: LHB Nate Melendez
|
0-0: Ball 1-0: Foul Ball, location: 2F 1-1: SINGLE (Line Drive, 9S, EV 105.0 MPH)
|
|
Batting: LHB Kyung-jin Cho
|
0-0: Ball 1-0: Called Strike 1-1: Ball 2-1: Ball 3-1: DOUBLE (Line Drive, 78XD, EV 110.0 MPH) Nate Melendez to third Runner from 3rd tries for Home, SAFE, throw by CF to home
|
|
Batting: RHB Slavik Nebrodov
|
0-0: Swinging Strike 0-1: Ground out 1-3 (Groundball, 13S, EV 66.9 MPH)
|
| Top of the 1st over - 1 run, 2 hits, 0 errors, 1 left on base; Harrisburg 1 - Biloxi 0 |
| BOTTOM OF THE 1ST |
|
Biloxi Shuckers batting - Pitching for Harrisburg Senators : RHP Jason Beck
|
|
Pitching: RHP Jason Beck
|
|
|
Batting: SHB Robert Sayer
|
0-0: Ball 1-0: SINGLE (Line Drive, 7LS, EV 113.8 MPH)
|
|
Batting: RHB Josh Nelson
|
0-0: Called Strike 0-1: Called Strike 0-2: Ball 1-2: Foul Ball, location: 2F 1-2: Foul Ball, location: 2F 1-2: Fly out, F4 (Line Drive, 4MD, EV 70.0 MPH)
|
|
Batting: SHB Mike Williams
|
0-0: Ball 1-0: Foul Ball, location: 2F 1-1: Foul Ball, location: 2F 1-2: Foul Ball, location: 2F 1-2: Ball 2-2: Foul Ball, location: 2F 2-2: Strikes out swinging
|
|
Batting: RHB Skyler Goss
|
0-0: Ball 1-0: Foul Ball, location: 2F 1-1: Ball Robert Sayer is caught stealing 2nd base 2-4
|
| Bottom of the 1st over - 0 runs, 1 hit, 0 errors, 0 left on base; Harrisburg 1 - Biloxi 0 |
| TOP OF THE 2ND |
|
Harrisburg Senators batting - Pitching for Biloxi Shuckers : RHP Travis Bieberich
|
|
Batting: RHB Donovan Auclair
|
0-0: Called Strike 0-1: Ball 1-1: SINGLE (Flyball, 8RS, EV 93.8 MPH)
|
|
Batting: RHB Pat Drader
|
0-0: Ball 1-0: Called Strike 1-1: Fly out, F8 (Line Drive, 8RD, EV 93.1 MPH)
|
|
Batting: RHB Jim Towle
|
0-0: Ball 1-0: Ball 2-0: Called Strike 2-1: Called Strike Donovan Auclair steals 2nd base 2-2: 2-RUN HOME RUN (Flyball, 7D, EV 98.1 MPH), Distance : 381 ft
|
|
Batting: RHB Josh Lykins
|
0-0: Ball 1-0: Called Strike 1-1: Ball 2-1: Foul Ball, location: 2F 2-2: Ball 3-2: Strikes out swinging, 2-3 out at first.
|
|
Batting: LHB Evan Oliveri
|
0-0: Called Strike 0-1: Ball 1-1: Ball 2-1: Foul Ball, location: 2F 2-2: DOUBLE (Line Drive, 7LD, EV 105.0 MPH)
|
|
Batting: RHB Kevin Whitenack
|
0-0: Ball 1-0: Ball 2-0: Foul Ball, location: 2F 2-1: Ball Evan Oliveri is caught stealing 3rd base 2-5
|
| Top of the 2nd over - 2 runs, 3 hits, 0 errors, 0 left on base; Harrisburg 3 - Biloxi 0 |
| BOTTOM OF THE 2ND |
|
Biloxi Shuckers batting - Pitching for Harrisburg Senators : RHP Jason Beck
|
|
Batting: RHB Skyler Goss
|
0-0: Called Strike 0-1: Ground out U3 (Groundball, 3, EV 88.8 MPH)
|
|
Batting: RHB Vinny Estrada
|
0-0: Called Strike 0-1: SINGLE (Groundball, 3S, EV 76.9 MPH) (infield hit)
|
|
Batting: RHB Steve Byerly
|
0-0: Ball Vinny Estrada is caught stealing 2nd base 2-4 1-0: Ball 2-0: Called Strike 2-1: Foul Ball, location: 2F 2-2: Ball 3-2: Foul Ball, location: 2F 3-2: Strikes out swinging
|
| Bottom of the 2nd over - 0 runs, 1 hit, 0 errors, 0 left on base; Harrisburg 3 - Biloxi 0 |
| TOP OF THE 3RD |
|
Harrisburg Senators batting - Pitching for Biloxi Shuckers : RHP Travis Bieberich
|
|
Batting: RHB Kevin Whitenack
|
0-0: Ball 1-0: Called Strike 1-1: Ball 2-1: Foul Ball, location: 2F 2-2: Foul Ball, location: 2F 2-2: Ball 3-2: Foul Ball, location: 2F 3-2: Foul Ball, location: 2F 3-2: Foul Ball, location: 2F 3-2: Ground out 6-3 (Groundball, P, EV 86.9 MPH)
|
|
Batting: LHB Nate Melendez
|
0-0: Foul Ball, location: 2F 0-1: SINGLE (Line Drive, 7, EV 98.8 MPH)
|
|
Batting: LHB Kyung-jin Cho
|
0-0: Ball 1-0: Called Strike 1-1: Foul Ball, location: 2F 1-2: Ball 2-2: Fly out, F9 (Flyball, 9, EV 95.6 MPH)
|
|
Batting: RHB Slavik Nebrodov
|
0-0: Ball Nate Melendez is caught stealing 2nd base 2-4
|
| Top of the 3rd over - 0 runs, 1 hit, 0 errors, 0 left on base; Harrisburg 3 - Biloxi 0 |
| BOTTOM OF THE 3RD |
|
Biloxi Shuckers batting - Pitching for Harrisburg Senators : RHP Jason Beck
|
|
Batting: RHB Brian Landrum
|
0-0: Swinging Strike 0-1: Foul Ball, location: 2F 0-2: Ball 1-2: SINGLE (Line Drive, 78M, EV 101.2 MPH)
|
|
Batting: RHB Jonathan Sarles
|
0-0: Called Strike 0-1: Foul Ball, location: 2F 0-2: Ball 1-2: Ball 2-2: Ball 3-2: Strikes out swinging Brian Landrum is caught stealing 2nd base 2-4 Batter strikes out.
|
|
Batting: LHB Paul Collins
|
0-0: Ball 1-0: Reached on error, E5 (Groundball, 56S, EV 82.5 MPH)
|
|
Batting: SHB Robert Sayer
|
0-0: Ball 1-0: Ground out U3 (Groundball, 3, EV 78.1 MPH)
|
| Bottom of the 3rd over - 0 runs, 1 hit, 1 error, 1 left on base; Harrisburg 3 - Biloxi 0 |
| TOP OF THE 4TH |
|
Harrisburg Senators batting - Pitching for Biloxi Shuckers : RHP Travis Bieberich
|
|
Batting: RHB Slavik Nebrodov
|
0-0: Ball 1-0: DOUBLE (Line Drive, 89D, EV 105.6 MPH)
|
|
Batting: RHB Donovan Auclair
|
0-0: Called Strike 0-1: SINGLE (Groundball, 4MD, EV 94.4 MPH) Slavik Nebrodov to third Runner from 3rd tries for Home, SAFE, throw by CF to home Donovan Auclair to second
|
|
Batting: RHB Pat Drader
|
0-0: Ball 1-0: Ball 2-0: Foul Ball, location: 2F 2-1: Ground out 6-3 (Groundball, 6, EV 88.8 MPH) Donovan Auclair to third
|
|
Batting: RHB Jim Towle
|
0-0: Called Strike 0-1: Ball 1-1: Ball 2-1: Reached via error on a dropped throw from 2B, E3 (Groundball, 4, EV 90.0 MPH) Donovan Auclair scores
|
|
Pitching: RHP Eddie Becerra
|
|
|
Batting: RHB Josh Lykins
|
0-0: Ball 1-0: Called Strike Jim Towle is caught stealing 2nd base 2-4 1-1: Called Strike 1-2: Fly out, F3 (Line Drive, 3L, EV 69.4 MPH)
|
| Top of the 4th over - 2 runs, 2 hits, 1 error, 0 left on base; Harrisburg 5 - Biloxi 0 |
| BOTTOM OF THE 4TH |
|
Biloxi Shuckers batting - Pitching for Harrisburg Senators : RHP Jason Beck
|
|
Batting: RHB Josh Nelson
|
0-0: Called Strike 0-1: Ball 1-1: SINGLE (Groundball, 56D, EV 97.5 MPH)
|
|
Batting: SHB Mike Williams
|
0-0: Grounds into double play, 4-6-3 (Groundball, 34, EV 98.8 MPH)
|
|
Batting: RHB Skyler Goss
|
0-0: Ball 1-0: Ground out 3-1 (Groundball, 34S, EV 85.6 MPH)
|
| Bottom of the 4th over - 0 runs, 1 hit, 0 errors, 0 left on base; Harrisburg 5 - Biloxi 0 |
| TOP OF THE 5TH |
|
Harrisburg Senators batting - Pitching for Biloxi Shuckers : RHP Eddie Becerra
|
|
Batting: LHB Evan Oliveri
|
0-0: Ball 1-0: Foul Ball, location: 2F 1-1: Hit by Pitch
|
|
Batting: RHB Kevin Whitenack
|
0-0: Ball 1-0: Foul Ball, location: 2F 1-1: Foul Ball, location: 2F 1-2: Ball 2-2: SINGLE (Groundball, 25, EV 70.0 MPH) (infield hit) Evan Oliveri to second
|
|
Batting: LHB Nate Melendez
|
0-0: Ball 1-0: Fly out, F8 (Flyball, 8LM, EV 81.9 MPH)
|
|
Batting: LHB Kyung-jin Cho
|
0-0: Fly out, F5 (Popup, 56S, EV 85.0 MPH)
|
|
Batting: RHB Slavik Nebrodov
|
0-0: Ball 1-0: Ball 2-0: Called Strike 2-1: Called Strike 2-2: Fly out, F8 (Flyball, 8LM, EV 84.4 MPH)
|
| Top of the 5th over - 0 runs, 1 hit, 0 errors, 2 left on base; Harrisburg 5 - Biloxi 0 |
| BOTTOM OF THE 5TH |
|
Biloxi Shuckers batting - Pitching for Harrisburg Senators : RHP Jason Beck
|
|
Batting: RHB Vinny Estrada
|
0-0: Ball 1-0: Ball 2-0: Called Strike 2-1: Fly out, F8 (Flyball, 8RXD, EV 79.4 MPH)
|
|
Batting: RHB Steve Byerly
|
0-0: Ball 1-0: Ground out 4-3 (Groundball, 4, EV 86.9 MPH)
|
|
Batting: RHB Brian Landrum
|
0-0: Called Strike 0-1: Called Strike 0-2: Foul Ball, location: 2F 0-2: Ball 1-2: Ground out 4-3 (Groundball, 4, EV 82.5 MPH)
|
| Bottom of the 5th over - 0 runs, 0 hits, 0 errors, 0 left on base; Harrisburg 5 - Biloxi 0 |
| TOP OF THE 6TH |
|
Harrisburg Senators batting - Pitching for Biloxi Shuckers : RHP Eddie Becerra
|
|
Batting: RHB Donovan Auclair
|
0-0: Called Strike 0-1: Ball 1-1: Foul Ball, location: 2F 1-2: Ball 2-2: Strikes out looking
|
|
Batting: RHB Pat Drader
|
0-0: Ball 1-0: Foul Ball, location: 2F 1-1: Fly out, F8 (Flyball, 8LD, EV 88.8 MPH)
|
|
Batting: RHB Jim Towle
|
0-0: Ball 1-0: Ball 2-0: Ball 3-0: Called Strike 3-1: Base on Balls
|
|
Batting: RHB Josh Lykins
|
0-0: Called Strike 0-1: Ball 1-1: Ground out 4-3 (Groundball, 34, EV 107.5 MPH)
|
| Top of the 6th over - 0 runs, 0 hits, 0 errors, 1 left on base; Harrisburg 5 - Biloxi 0 |
| BOTTOM OF THE 6TH |
|
Biloxi Shuckers batting - Pitching for Harrisburg Senators : RHP Jason Beck
|
|
Batting: RHB Jonathan Sarles
|
0-0: Ball 1-0: Swinging Strike 1-1: Called Strike 1-2: Strikes out swinging
|
|
Batting: LHB Paul Collins
|
0-0: Ball 1-0: Ball 2-0: SINGLE (Groundball, 34D, EV 95.6 MPH)
|
|
Batting: SHB Robert Sayer
|
0-0: Ball 1-0: Foul Ball, location: 2F 1-1: Ball 2-1: Fly out, F8 (Line Drive, 8RD, EV 90.0 MPH)
|
|
Batting: RHB Josh Nelson
|
0-0: Ball 1-0: Foul Ball, location: 2F 1-1: Ball 2-1: Fly out, F7 (Flyball, 7, EV 86.9 MPH)
|
| Bottom of the 6th over - 0 runs, 1 hit, 0 errors, 1 left on base; Harrisburg 5 - Biloxi 0 |
| TOP OF THE 7TH |
|
Harrisburg Senators batting - Pitching for Biloxi Shuckers : RHP Eddie Becerra
|
|
Batting: LHB Evan Oliveri
|
0-0: Ball 1-0: Ball 2-0: Ball 3-0: Called Strike 3-1: Foul Ball, location: 2F 3-2: Strikes out swinging
|
|
Batting: RHB Kevin Whitenack
|
0-0: Called Strike 0-1: Ball 1-1: Fly out, F8 (Line Drive, 8RM, EV 91.9 MPH)
|
|
Batting: LHB Nate Melendez
|
0-0: Foul Ball, location: 2F 0-1: Ball 1-1: Called Strike 1-2: Ball 2-2: Foul Ball, location: 2F 2-2: Ball 3-2: SINGLE (Line Drive, 89S, EV 88.8 MPH)
|
|
Pitching: RHP Tony Valdez
|
|
|
Batting: LHB Kyung-jin Cho
|
0-0: Called Strike 0-1: Ball 1-1: Ball Nate Melendez is caught stealing 2nd base 2-6
|
| Top of the 7th over - 0 runs, 1 hit, 0 errors, 0 left on base; Harrisburg 5 - Biloxi 0 |
| BOTTOM OF THE 7TH |
|
Biloxi Shuckers batting - Pitching for Harrisburg Senators : RHP Jason Beck
|
|
Batting: SHB Mike Williams
|
0-0: Ball 1-0: Ball 2-0: Swinging Strike 2-1: Swinging Strike 2-2: Ground out 6-3 (Groundball, 6, EV 80.0 MPH)
|
|
Batting: RHB Skyler Goss
|
0-0: Swinging Strike 0-1: Called Strike 0-2: Reached on error, E6 (Groundball, 6, EV 84.4 MPH)
|
|
Batting: RHB Vinny Estrada
|
Pickoff Throw to First - Error! E1 Skyler Goss to second 0-0: Ball 1-0: Called Strike 1-1: Foul Ball, location: 2F 1-2: Ball 2-2: Foul Ball, location: 2F 2-2: Strikes out looking
|
|
Batting: RHB Steve Byerly
|
0-0: Called Strike 0-1: Swinging Strike 0-2: Ground out 5-3 (Groundball, 56S, EV 91.9 MPH)
|
| Bottom of the 7th over - 0 runs, 0 hits, 2 errors, 1 left on base; Harrisburg 5 - Biloxi 0 |
| TOP OF THE 8TH |
|
Harrisburg Senators batting - Pitching for Biloxi Shuckers : RHP Tony Valdez
|
|
Batting: LHB Kyung-jin Cho
|
0-0: Ball 1-0: Called Strike 1-1: Foul Ball, location: 2F 1-2: Ball 2-2: Strikes out swinging
|
|
Batting: RHB Slavik Nebrodov
|
0-0: Called Strike 0-1: Fly out, F8 (Flyball, 8RXD, EV 102.5 MPH)
|
|
Batting: RHB Donovan Auclair
|
0-0: Fly out, F6 (Line Drive, 6, EV 61.9 MPH)
|
| Top of the 8th over - 0 runs, 0 hits, 0 errors, 0 left on base; Harrisburg 5 - Biloxi 0 |
| BOTTOM OF THE 8TH |
|
Biloxi Shuckers batting - Pitching for Harrisburg Senators : RHP Jason Beck
|
|
Batting: RHB Brian Landrum
|
0-0: Ball 1-0: SINGLE (Line Drive, 78S, EV 112.5 MPH)
|
|
Pitching: LHP Kyle Bachman
|
|
|
Batting: RHB Jonathan Sarles
|
0-0: Ball 1-0: Fielders Choice at 2nd, 6-4 (Groundball, 6, EV 84.4 MPH)
|
|
Pinch Hitting: RHB Matthew Adams
|
0-0: Ball 1-0: Ball 2-0: Ball 3-0: Called Strike 3-1: Fielders Choice at 2nd, 6-4 (Groundball, 6, EV 105.6 MPH)
|
|
Batting: SHB Robert Sayer
|
0-0: Ground out 3-1 (Groundball, 34, EV 108.8 MPH)
|
| Bottom of the 8th over - 0 runs, 1 hit, 0 errors, 1 left on base; Harrisburg 5 - Biloxi 0 |
| TOP OF THE 9TH |
|
Harrisburg Senators batting - Pitching for Biloxi Shuckers : RHP Tony Valdez
|
|
Now in RF: Matthew Adams
|
|
|
Batting: RHB Pat Drader
|
0-0: Ball 1-0: Foul Ball, location: 2F 1-1: Foul Ball, location: 2F 1-2: Ground out 4-3 (Groundball, 4S, EV 78.8 MPH)
|
|
Batting: RHB Jim Towle
|
0-0: Ball 1-0: Ball 2-0: Swinging Strike 2-1: Ball 3-1: Ground out 5-3 (Groundball, 56S, EV 88.1 MPH)
|
|
Batting: RHB Josh Lykins
|
0-0: Called Strike 0-1: Ball 1-1: Ground out 5-3 (Groundball, 5L, EV 83.1 MPH)
|
| Top of the 9th over - 0 runs, 0 hits, 0 errors, 0 left on base; Harrisburg 5 - Biloxi 0 |
| BOTTOM OF THE 9TH |
|
Biloxi Shuckers batting - Pitching for Harrisburg Senators : LHP Kyle Bachman
|
|
Batting: RHB Josh Nelson
|
0-0: Swinging Strike 0-1: Ball 1-1: Foul Ball, location: 2F 1-2: Foul Ball, location: 2F 1-2: Strikes out swinging
|
|
Batting: SHB Mike Williams
|
0-0: Ball 1-0: Ball 2-0: Called Strike 2-1: Swinging Strike 2-2: Fly out, F6 (Popup, 4M, EV 62.5 MPH)
|
|
Batting: RHB Skyler Goss
|
0-0: Called Strike 0-1: DOUBLE (Flyball, 8LXD, EV 106.9 MPH)
|
|
Batting: RHB Vinny Estrada
|
0-0: Ball 1-0: Called Strike 1-1: Foul Ball, location: 2F 1-2: Ball 2-2: Ball 3-2: Ground out 5-3 (Groundball, 56, EV 78.8 MPH)
|
| Bottom of the 9th over - 0 runs, 1 hit, 0 errors, 1 left on base; Harrisburg 5 - Biloxi 0 |
|